 Dungeon Crawl Stone Soup version 0.31-a0-771-g505c3d19dc (webtiles) character file.

Game seed: 7900505092221782861

106710 Zonian the Warrior (level 15, -3/150 HPs)
             Began as an Armataur Fighter on Sept 15, 2023.
             Was a High Priest of Dithmenos.
             Slain by a wolf spider (13 damage)
             ... led by a torpor snail
             ... on level 2 of the Spider Nest on Sept 16, 2023.
             The game lasted 01:52:14 (38194 turns).

Zonian the Warrior (Armataur Fighter)              Turns: 38194, Time: 01:52:17

Health: -3/150     AC: 31    Str: 34    XL:     15   Next: 98%
Magic:  20/24      EV:  6    Int:  9    God:    Dithmenos [*****.]
Gold:   731        SH: 10    Dex:  6    Spells: 14/14 levels left

rFire   + + +        q - +4 long sword (elec)
rCold   . . .        c - +1 kite shield {AC+3}
rNeg    . . .        m - +4 ring mail of the Shimmering Gods {Will+ Str+3 SInv}
rPois   +            S - +0 helmet of the Forgotten Lovers {Contam +Blink SInv}
rElec   .            (no cloak)
rCorr   +            Y - +2 pair of gloves of Ukyob {Fly rF+ Str+3 Dex-4}
SInv    +            y - +2 barding of Dogma {Drain rF+++ Regen+ rCorr}
Will    ++...        u - amulet of regeneration
Stlth   +++++        s - ring of poison resistance
HPRegen 2.05/turn    T - +4 ring of protection
MPRegen 0.19/turn

%: roll
@: about to teleport, flying, slowed, wreathed by umbra, studying Axes, very
slow
A: large, rugged brown scales 3, deformed body, armoured tail, roll, long
tongue, awkward tongue
a: Renounce Religion, Evoke Blink, Shadow Step, Shadow Form


You were on level 2 of the Spider Nest.
You worshipped Dithmenos.
Dithmenos was extremely pleased with you.
You visited 4 branches of the dungeon, and saw 24 of its levels.
You also visited: Sewer, Ossuary and Bailey.

You collected 3015 gold pieces.
You spent 2284 gold pieces at shops.

Inventory:

Hand Weapons
 p - a +1 broad axe
 q - a +4 long sword of electrocution (weapon)
 G - a +2 short sword of draining
 O - the +6 long sword of the Postmodern Planets {flame, *Noise rPois Dex+3}
   (You found it on level 7 of the Dungeon)

   Dex+3:     It affects your dexterity (+3).
   rPois:     It protects you from poison *Noise: It may make a loud noise when
   swung.
 R - a +2 short sword of venom
Missiles
 x - 16 curare-tipped darts
 C - 48 poisoned darts
 E - 11 atropa-tipped darts
 M - 30 boomerangs
Armour
 c - a +1 kite shield of protection (worn)
 e - the +2 leather armour of the Evening {+Inv rF+ Int+3}
   (You found it on level 4 of the Dungeon)

   Int+3:     It affects your intelligence (+3).
   rF+:       It protects you from fire.
   +Inv:      It lets you turn invisible.
 m - the +4 ring mail of the Shimmering Gods (worn) {Will+ Str+3 SInv}
   (You took it off a tengu warrior on level 12 of the Dungeon)

   Str+3:     It affects your strength (+3).
   Will+:     It increases your willpower.
   SInv:      It lets you see invisible.
 n - the +3 robe of the Sailor {Str-2 Slay+4 Stlth+}
   (You found it on level 2 of the Dungeon)

   Str-2:     It affects your strength (-2).
   Slay+4:    It affects your accuracy & damage with ranged weapons and melee
   (+4).
   Stlth+:    It makes you more stealthy.
 r - the +1 helmet "Icsat" {Contam Rampage +Blink}
   (You bought it in a shop on level 1 of the Orcish Mines)

   +Blink:    It lets you blink.
   Contam:    It causes magical contamination when unequipped.
   Rampage:   It bestows one free step when moving towards enemies.
 y - the +2 barding of Dogma (worn) {Drain rF+++ Regen+ rCorr}
   (You acquired it on level 15 of the Dungeon)

   rF+++:     It renders you almost immune to fire.
   Regen+:    It increases your rate of health regeneration.
   rCorr:     It protects you from acid and corrosion.
   Drain:     It drains your maximum health when unequipped.
 Q - a +0 pair of gloves
 S - the +0 helmet of the Forgotten Lovers (worn) {Contam +Blink SInv}
   (You found it on level 11 of the Dungeon)

   SInv:      It lets you see invisible.
   +Blink:    It lets you blink.
   Contam:    It causes magical contamination when unequipped.
 W - a +0 pair of gloves of dexterity
 Y - the +2 pair of gloves of Ukyob (worn) {Fly rF+ Str+3 Dex-4}
   (You bought it in a shop on level 2 of the Orcish Mines)

   Str+3:     It affects your strength (+3).
   Dex-4:     It affects your dexterity (-4).
   rF+:       It protects you from fire.
   Fly:       It grants you flight.
 Z - a +2 scale mail of cold resistance
Jewellery
 h - a ring of see invisible
 s - a ring of poison resistance (left hand)
 u - an amulet of regeneration (around neck)
 v - a ring of protection from fire
 P - a ring of willpower
 T - a +4 ring of protection (right hand)
Wands
 a - a wand of mindburst (8)
 i - a wand of flame (12)
 t - a wand of light (2)
 H - a wand of paralysis (15)
 K - a wand of roots (6)
 U - a wand of polymorph (3)
Scrolls
 g - 4 scrolls of identify
 j - 4 scrolls of blinking
 k - a scroll of vulnerability
 l - 2 scrolls of teleportation
 w - a scroll of immolation
 D - 5 scrolls of revelation
 I - 2 scrolls of fog
 X - 3 scrolls of torment
Potions
 b - a potion of lignification
 d - 2 potions of cancellation
 f - a potion of enlightenment
 o - 6 potions of haste
 z - 5 potions of brilliance
 A - 4 potions of heal wounds
 B - 4 potions of invisibility
 F - 7 potions of curing
 J - 4 potions of berserk rage
 L - a potion of magic
 N - 2 potions of ambrosia
 V - 2 potions of attraction


   Skills:
 + Level 15.1 Fighting
 - Level 14.0 Long Blades
 + Level 10.2 Armour
 - Level 9.2 Stealth
 + Level 8.8 Shields
 - Level 12.2 Invocations
 + Level 7.6 Evocations


You had 14 spell levels left.
You didn't know any spells.
Your spell library contained the following spells:

 Spells                   Type           Power      Damage    Failure   Level
 Magic Dart               Conj           0%         1d3       63%         1
 Cigotuvi's Dreadful Rot  Necr/Pois/Air  0%         N/A       77%         2
 Ensorcelled Hibernation  Hex/Ice        0%         N/A       77%         2
 Jinxbite                 Hex            0%         N/A       77%         2
 Lesser Beckoning         Tloc           0%         N/A       77%         2
 Poisonous Vapours        Pois/Air       0%         N/A       77%         2
 Searing Ray              Conj           0%         2d4       77%         2
 Sublimation of Blood     Necr           0%         N/A       77%         2
 Gell's Gravitas          Tloc           0%         N/A       94%         3
 Ignite Poison            Fire/Tmut/Pois 0%         N/A       94%         3
 Mephitic Cloud           Conj/Pois/Air  0%         N/A       94%         3
 Ozocubu's Armour         Ice            0%         N/A       94%         3
 Summon Guardian Golem    Hex/Summ       0%         N/A       94%         3
 Teleport Other           Tloc           0%         N/A       94%         3
 Volatile Blastmotes      Fire/Tloc      0%         2d10      94%         3
 Anguish                  Hex/Necr       0%         N/A       100%        4
 Dispel Undead            Necr           0%         3d6       100%        4
 Fulminant Prism          Conj/Hex       0%         3d5       100%        4
 Iskenderun's Mystic Bla  Conj/Tloc      0%         2d3       100%        4
 Leda's Liquefaction      Hex/Erth       0%         N/A       100%        4
 Passage of Golubria      Tloc           0%         N/A       100%        4
 Petrify                  Tmut/Erth      0%         N/A       100%        4
 Sticky Flame             Conj/Fire      0%         2d3       100%        4
 Freezing Cloud           Conj/Ice/Air   0%         6-21      100%        5
 Irradiate                Conj/Tmut      0%         3d11      100%        5
 Lee's Rapid Deconstruct  Erth           0%         3d4*      100%        5
 Metabolic Englaciation   Hex/Ice        0%         N/A       100%        5
 Silence                  Hex/Air        0%         N/A       100%        5
 Summon Forest            Summ/Tloc      0%         N/A       100%        5
 Death Channel            Necr           0%         N/A       100%        6
 Eringya's Noxious Bog    Tmut/Pois      0%         4d6       100%        6
 Leda's Unmaking          Conj/Erth      0%         9d1       100%        6
 Simulacrum               Ice/Necr       0%         N/A       100%        6
 Orb of Destruction       Conj           0%         9d5       100%        7
 Spellforged Servitor     Conj/Summ      0%         N/A       100%        7
 Summon Hydra             Summ           0%         N/A       100%        7
 Ignition                 Fire           0%         3d3       100%        8
 Lehudib's Crystal Spear  Conj/Erth      0%         10d2      100%        8


Dungeon Overview and Level Annotations

Branches:
Dungeon (15/15)            Temple (0/1) D:6            Lair (5/5) D:11
  Swamp (0/4) Lair:3       Spider (2/4) Lair:2        Slime (0/5) Lair:4
    Orc (2/2) D:10            Elf (0/3) Orc:2        Vaults (0/5) D:14
 Depths (0/4) D:15          Sewer (visited)         Ossuary (visited)
 Bailey (visited)

Altars:
Ashenzari
Cheibriados
Dithmenos
Elyvilon
Hepliaklqana
Kikubaaqudgha
Okawaru
Uskayaw
Vehumet
Zin
The Shining One

Shops:
D:4 [   D:7 !   D:11 =   Orc:1 [   Orc:2 ?[=!!

Annotations:
D:6 1 runed translucent door, ooooo's ghost, novice OpCj
D:7 Jeremiah
D:8 1 runed translucent door, Xavori's ghost, novice OpCK
D:9 1 runed translucent door, pigah's ghost, novice OpSh
D:12 1 runed translucent door, bjtr's ghost, journeyman OgEE
D:13 Lodul
D:15 1 runed translucent door
Lair:5 2 runed translucent doors
Orc:2 2 runed translucent doors, quakins's ghost, journeyman AtWr


Innate Abilities, Weirdness & Mutations

You are completely covered in rugged brown scales. (AC +3, +7% HP)
Armour fits poorly on your strangely shaped body.
You have a long armoured tail.
You roll when moving toward enemies. (Rampage)
Your long tongue fully drains potion bottles. (2x potion effects)
Your tongue gives you trouble enunciating. (1.5x scroll delay)


Message History

The grasping roots constrict the redback!
The grasping roots constrict the wolf spider.
The redback struggles to escape constriction.
The wolf spider struggles to escape constriction.
The tarantella touches you.
The redback escapes!
The wolf spider escapes!
The wolf spider rages.
As you slowly read the scroll of teleportation, it crumbles to dust.
You feel strangely unstable. You block the tarantella's attack.
The wolf spider hits you!
* * * LOW HITPOINT WARNING * * *
You block the wolf spider's attack.
An entropy weaver comes into view.
The tarantella touches you.
* * * LOW HITPOINT WARNING * * *
You are confused.
The wolf spider hits you but does no damage.
The wolf spider bites you but does no damage.
The redback rages.
You feel better.
You slurp down every last drop of the potion of curing!
The wolf spider hits you!!
* * * LOW HITPOINT WARNING * * *
The wolf spider bites you!
* * * LOW HITPOINT WARNING * * *
The redback bites you.
* * * LOW HITPOINT WARNING * * *
The tarantella touches you but does no damage.
The wolf spider closely misses you.
The wolf spider bites you but does no damage.
The redback barely misses you. The tarantella completely misses you.
A torpor snail comes into view.
Being near the torpor snail leaves you feeling lethargic.
You feel better.
You slurp down every last drop of the potion of curing!
The wolf spider hits you!!
* * * LOW HITPOINT WARNING * * *
The wolf spider bites you!
* * * LOW HITPOINT WARNING * * *
You block the redback's attack. The wolf spider hits you!
You die...

..............#
#.........>.#
#.........s#
#...#..†..B##
#....#....B<###
#©..
##..##.#^## #..
#.B.###.ss.#
#..$...##
#s#ss# # ..###
##.@## . #..s#
#...$..
##.##...# ##
..... #^....
#w... ...#


You could see an entropy weaver, a torpor snail, 2 wolf spiders, a culicivora, a
pharaoh ant, a tarantella and 3 redbacks.

Vanquished Creatures
  Saint Roka (Orc:2)
  A ghost moth (Spider:1)
  Josephine (Lair:5)
  A fire dragon (D:15)
  An entropy weaver (Spider:1)
  An ice dragon (D:15)
  5 ogre magi
  9 hydras
  6 centaur warriors
  6 boulder beetles
  11 two-headed ogres
  2 death yaks (Lair:4)
  5 tengu warriors
  2 death knights
  Urug (Lair:2)
  3 demonic crawlers (Spider:1)
  Nergalle (Orc:2)
  Sonja (Lair:4)
  A skeletal warrior (D:12)
  A skyshark (Lair:3)
  A pharaoh ant (Spider:1)
  A spriggan simulacrum (D:14)
  A bog body (Lair:3)
  A lindwurm (Lair:5)
  3 orb spiders (Spider:1)
  A steelbarb worm (Spider:1)
  2 orc knights
  4 deep elf pyromancers
  3 wolf spiders
  2 necromancers (D:14)
  7 orc sorcerers
  6 ugly things
  13 elephants
  7 manticores
  4 moths of wrath
  7 black mambas
  4 cyclopes (D:12)
  3 gargoyles
  3 torpor snails
  8 cane toads
  2 molten gargoyles (Lair:5)
  2 unseen horrors (D:12)
  A freezing wraith (D:12)
  7 rime drakes
  8 komodo dragons
  A kobold demonologist (D:14)
  A tengu conjurer (D:12)
  An efreet (D:13)
  7 trolls
  2 polar bears
  A meliai (Lair:2)
  11 blink frogs
  Prince Ribbit (D:6)
  A hornet (D:14)
  5 tarantellas (Spider:1)
  An alligator simulacrum (D:14)
  14 dream sheep
  5 slime creatures
  A centaur simulacrum (D:14)
  2 jumping spiders (Spider:1)
  2 shadows
  3 vampires
  6 wraiths
  5 basilisks
  7 wyverns
  A culicivora (Spider:1)
  38 yaks
  6 humans (D:6)
  3 vampire mosquitoes (D:12)
  3 redbacks (Spider:1)
  A minotaur simulacrum (D:14)
  2 steam dragons
  A harpy simulacrum (D:14)
  4 acid dragons
  3 wargs
  2 swamp worms (Lair:3)
  20 water moccasins
  3 hell hounds (Lair:5)
  11 orc warriors
  An ice beast (D:7)
  13 ogres
  A sky beast (D:8)
  2 black bears
  20 wolves
  6 centaurs
  A phantom (D:7)
  12 kobold brigands
  2 gnoll sergeants
  2 scorpions
  4 deep troll simulacra (D:14)
  12 bullfrogs
  6 wights
  A hornet simulacrum (D:14)
  4 killer bees (Lair:2)
  2 electric eels
  7 howler monkeys
  2 lava snakes (Lair:5)
  A gnoll bouda (Orc:2)
  4 hounds
  A human zombie (D:7)
  A jelly (D:8)
  10 orc priests
  A sleepcap (D:7)
  2 iguanas
  30 orc wizards
  2 hell rats (Lair:3)
  4 mummies
  Robin (D:3)
  15 gnolls
  17 river rats
  17 adders
  A shadow imp (D:5)
  3 white imps
  An ufetubus (D:6)
  A worm zombie (D:7)
  2 adder zombies (Ossuary)
  4 worms
  5 dart slugs
  54 orcs
  6 endoplasms
  5 giant cockroaches
  A gnoll zombie (Ossuary)
  15 hobgoblins
  6 jackals
  9 quokkas
  13 ball pythons
  6 bats
  A frilled lizard (D:2)
  22 goblins
  2 goblin zombies (Ossuary)
  5 hobgoblin zombies (Ossuary)
  48 kobolds
  3 kobold zombies (Ossuary)
  4 quokka zombies (Ossuary)
  24 rats
  A rat zombie (Ossuary)
782 creatures vanquished.

Vanquished Creatures (others)
  An unseen horror (D:12)
  3 orc wizards (Orc:2)
  An orc (Orc:2)
5 creatures vanquished.

Grand Total: 787 creatures vanquished

Notes
Turn   | Place    | Note
-------+----------+-------------------------------------------
     0 | D:1      | Zonian the Armataur Fighter began the quest for the Orb.
     0 | D:1      | Reached XP level 1. HP: 19/19 MP: 1/1
     5 | D:1      | Found a faded altar of an unknown god.
   100 | D:1      | Prayed at the altar of an unknown god.
   100 | D:1      | Became a worshipper of Dithmenos the Shadowed
   100 | D:1      | Reached * piety under Dithmenos
   106 | D:1      | Reached XP level 2. HP: 26/26 MP: 2/2
   217 | D:1      | HP: 1/26 [jackal (1)]
   223 | D:1      | HP: 1/26 [jackal (1)]
   477 | D:2      | Reached skill level 3 in Fighting
   477 | D:2      | Reached XP level 3. HP: 32/33 MP: 3/3
   681 | D:2      | Reached ** piety under Dithmenos
   850 | D:2      | Identified the +3 robe of the Sailor {Str-2 Slay+4 Stlth+}
   882 | D:2      | Identified the +5 quarterstaff of Fragile Peace {heavy,
                  | Str+3 Int+6}
  1122 | D:3      | Reached XP level 4. HP: 36/40 MP: 4/4
  1219 | D:3      | Noticed Robin
  1379 | D:3      | Killed Robin
  1755 | D:3      | Reached XP level 5. HP: 47/48 MP: 5/5
  1759 | D:3      | Reached *** piety under Dithmenos
  2142 | D:4      | Identified the +2 leather armour of the Evening {+Inv rF+
                  | Int+3}
  2156 | D:4      | Reached skill level 4 in Fighting
  2299 | D:4      | Found Zakileor's Armour Shoppe.
  2411 | D:4      | Reached XP level 6. HP: 51/55 MP: 6/6
  2689 | D:4      | Found a hazy altar of Hepliaklqana.
  2712 | D:5      | Entered Level 5 of the Dungeon
  2994 | D:5      | Reached skill level 5 in Fighting
  2994 | D:5      | Reached XP level 7. HP: 17/65 MP: 7/7
  3161 | D:5      | Found a glowing drain.
  3164 | D:5      | Reached **** piety under Dithmenos
  3169 | Sewer    | Entered a sewer
  3417 | Sewer    | Reached skill level 1 in Stealth
  3488 | Sewer    | Reached skill level 5 in Long Blades
  3766 | Sewer    | Reached ***** piety under Dithmenos
  4631 | D:5      | Reached XP level 8. HP: 74/74 MP: 8/8
  4754 | D:6      | Reached skill level 6 in Fighting
  4761 | D:6      | Found a runed translucent door.
  4773 | D:6      | Noticed a gargoyle
  4797 | D:6      | HP: 3/74 [human/sling bullet (9)]
  4824 | D:6      | Reached skill level 5 in Stealth
  4992 | D:6      | Reached skill level 7 in Fighting
  5043 | D:6      | Killed a gargoyle
  5044 | D:6      | Reached XP level 9. HP: 74/84 MP: 9/9
  5093 | D:6      | Found a broken altar of Ashenzari.
  5114 | D:6      | Found a staircase to the Ecumenical Temple.
  5123 | D:6      | Noticed Prince Ribbit
  5133 | D:6      | Killed Prince Ribbit
  5383 | D:6      | Found an iron altar of Okawaru.
  5462 | D:6      | Noticed ooooo's ghost (novice OpCj)
  5688 | D:7      | Found a sand-covered staircase.
  5697 | D:7      | Reached skill level 1 in Invocations
  5708 | Ossuary  | Entered an ossuary
  6111 | D:7      | Noticed Jeremiah
  6117 | D:7      | Reached skill level 8 in Fighting
  6140 | D:7      | Found a shadowy altar of Dithmenos.
  6283 | D:7      | Found a flagged portal.
  6308 | Bailey   | Entered a bailey
  6547 | Bailey   | Noticed an orc knight
  6556 | Bailey   | Killed an orc knight
  6557 | Bailey   | Reached XP level 10. HP: 32/95 MP: 12/12
  6580 | Bailey   | Found an iron altar of Okawaru.
  6602 | Bailey   | Identified the +9 halberd of the Burning Sybil {drain, rN+}
  7102 | D:7      | Found Qemoat's Distillery.
  7110 | D:7      | Bought 2 potions of curing for 72 gold pieces
  7110 | D:7      | Bought a potion of heal wounds for 60 gold pieces
  7110 | D:7      | Bought 2 potions of heal wounds for 120 gold pieces
  7110 | D:7      | Bought a potion of berserk rage for 60 gold pieces
  7110 | D:7      | Bought a potion of cancellation for 96 gold pieces
  7110 | D:7      | Bought a potion of invisibility for 96 gold pieces
  7122 | D:7      | Identified the +6 long sword of the Postmodern Planets
                  | {flame, *Noise rPois Dex+3}
  7982 | D:8      | Found a glowing golden altar of the Shining One.
  8076 | D:8      | Found a glowing silver altar of Zin.
  8279 | D:8      | Reached skill level 9 in Fighting
  8542 | D:8      | Found a runed translucent door.
  8558 | D:8      | Noticed Xavori's ghost (novice OpCK)
  8560 | D:8      | Identified the +11 spear "Wejij" {flame, rC+ SInv}
  8791 | D:9      | Reached skill level 5 in Invocations
  8829 | D:9      | Noticed pigah's ghost (novice OpSh)
  8844 | D:9      | Found a runed translucent door.
  8940 | D:9      | Reached ****** piety under Dithmenos
  9052 | D:9      | Found a snail-covered altar of Cheibriados.
  9235 | D:9      | Found a white marble altar of Elyvilon.
  9281 | D:10     | Entered Level 10 of the Dungeon
  9379 | D:10     | Found a staircase to the Orcish Mines.
  9556 | D:10     | Reached XP level 11. HP: 26/103 MP: 15/15
  9888 | D:10     | Noticed a boulder beetle
  9994 | D:10     | Found an ancient bone altar of Kikubaaqudgha.
  9998 | D:10     | Found a hide-covered altar of Uskayaw.
 10360 | D:11     | Identified the +0 helmet of the Forgotten Lovers {Contam
                  | +Blink SInv}
 10391 | D:11     | Found Suimm's Jewellery Shop.
 10402 | D:11     | Bought a +4 ring of protection for 432 gold pieces
 10498 | D:11     | Noticed a two-headed ogre
 10515 | D:11     | Found a staircase to the Lair.
 11058 | Lair:1   | Entered Level 1 of the Lair of Beasts
 11080 | Lair:1   | Noticed a boulder beetle
 11131 | Lair:1   | Killed a boulder beetle
 11512 | Lair:1   | Noticed Maggie
 11515 | Lair:1   | Reached skill level 10 in Fighting
 11515 | Lair:1   | Maggie changed into Maggie the blink frog
 11515 | Lair:1   | Noticed Maggie
 11523 | Lair:1   | Killed Maggie the blink frog
 12015 | Lair:1   | Reached skill level 10 in Long Blades
 13107 | Lair:2   | Noticed a seven-headed hydra
 13129 | Lair:2   | Killed a three-headed hydra
 13223 | Lair:2   | Noticed Urug
 13293 | Lair:2   | Killed Urug
 13396 | Lair:2   | Identified a scroll of acquirement
 13396 | Lair:2   | Acquired the +1 barding of Infinity {Rampage rN+ Str+3}
 13441 | Lair:2   | Found a hole to the Spider Nest.
 13621 | Lair:2   | Reached XP level 12. HP: 76/115 MP: 18/18
 13851 | Lair:2   | Reached skill level 11 in Fighting
 13919 | Lair:2   | Found the +8 whip "Snakebite" {venom, curare, rPois}
 14440 | Lair:3   | You fall into a shaft and drop 1 floor!
 16042 | Lair:3   | Reached skill level 10 in Invocations
 16049 | Lair:3   | Reached skill level 12 in Fighting
 16278 | Lair:3   | Noticed an eight-headed hydra
 16285 | Lair:3   | Killed a three-headed hydra
 16850 | Lair:3   | Found a staircase to the Swamp.
 16860 | Lair:3   | Reached XP level 13. HP: 62/126 MP: 20/20
 18432 | Lair:4   | Noticed Sonja
 19139 | Lair:4   | Killed Sonja
 19207 | Lair:4   | Found a staircase to the Slime Pits.
 19522 | Lair:4   | Upgraded the game from 0.31-a0-750-gfe7b580527 to
                  | 0.31-a0-765-g67fe2935dc
 19559 | Lair:5   | Entered Level 5 of the Lair of Beasts
 20505 | Lair:5   | Reached skill level 13 in Fighting
 20627 | Lair:5   | Identified the +4 short sword "Plog" {distort, Int+3
                  | Stlth+}
 21153 | Lair:5   | Noticed Josephine
 21189 | Lair:5   | Killed Josephine
 22120 | Lair:5   | Reached XP level 14. HP: 112/138 MP: 22/22
 22310 | Lair:5   | Found a large runed translucent door.
 23046 | Lair:5   | Found a large runed translucent door.
 23612 | D:11     | You fall into a shaft and drop 2 floors!
 24047 | D:13     | Reached skill level 1 in Evocations
 24449 | D:12     | Reached skill level 5 in Armour
 24775 | D:12     | Found a runed translucent door.
 24775 | D:12     | Noticed bjtr's ghost (journeyman OgEE)
 26036 | D:12     | Reached skill level 14 in Fighting
 26430 | D:12     | Reached skill level 5 in Shields
 26667 | D:12     | Identified the +4 ring mail of the Shimmering Gods {Will+
                  | Str+3 SInv}
 28873 | D:13     | Reached XP level 15. HP: 132/147 MP: 24/24
 29308 | D:13     | Noticed Lodul
 30133 | D:12     | Reached skill level 5 in Evocations
 30383 | D:11     | Bought an amulet of regeneration for 360 gold pieces
 30953 | D:14     | Found a gate to the Vaults.
 31237 | D:14     | Found a frozen archway.
 32639 | D:15     | Entered Level 15 of the Dungeon
 32870 | D:15     | Acquired the +2 barding of Dogma {Drain rF+++ Regen+ rCorr}
 32999 | D:15     | Found a staircase to the Depths.
 33529 | D:15     | Found a runed translucent door.
 34345 | Orc:1    | Entered Level 1 of the Orcish Mines
 34378 | Orc:1    | Found Jiatued's Antique Armour Shoppe.
 34419 | Orc:1    | Bought a masterwork helmet for 294 gold pieces
 34419 | Orc:1    | Identified the +1 helmet "Icsat" {Contam Rampage +Blink}
                  | (You bought it in a shop on level 1 of the Orcish Mines)
 34419 | Orc:1    | Bought a pair of glowing gloves for 232 gold pieces
 34598 | Orc:2    | Entered Level 2 of the Orcish Mines
 34598 | Orc:2    | Found a staircase to the Elven Halls.
 34598 | Orc:2    | Found Paclimow's Distillery.
 34609 | Orc:2    | Bought a potion of heal wounds for 60 gold pieces
 34609 | Orc:2    | Bought a potion of heal wounds for 60 gold pieces
 34610 | Orc:2    | Noticed Saint Roka
 34821 | Orc:2    | Found a large runed translucent door.
 34821 | Orc:2    | Found a large runed translucent door.
 34898 | Orc:2    | Noticed quakins's ghost (journeyman AtWr)
 35032 | Orc:2    | Found Jarghuz's Magic Scroll Boutique.
 35077 | Orc:2    | Found an ancient bone altar of Kikubaaqudgha.
 35081 | Orc:2    | Noticed Nergalle
 35104 | Orc:2    | Killed Nergalle
 35211 | Orc:2    | Found a radiant altar of Vehumet.
 35243 | Orc:2    | Found Venofej's Antique Armour Shop.
 35251 | Orc:2    | Bought a pair of fading gloves for 294 gold pieces
 35251 | Orc:2    | Identified the +2 pair of gloves of Ukyob {Fly rF+ Str+3
                  | Dex-4} (You bought it in a shop on level 2 of the Orcish
                  | Mines)
 35335 | Orc:2    | Found Iclirr's Jewellery Shop.
 35342 | Orc:2    | Found Qyzxaeb's Distillery.
 35358 | Orc:2    | Bought a potion of might for 48 gold pieces
 35512 | Orc:2    | Killed Saint Roka
 36138 | Spider:1 | Entered Level 1 of the Spider Nest
 36445 | Spider:1 | Reached skill level 15 in Fighting
 36802 | Spider:1 | Reached skill level 10 in Armour
 38166 | Spider:1 | Upgraded the game from 0.31-a0-765-g67fe2935dc to
                  | 0.31-a0-771-g505c3d19dc
 38194 | Spider:2 | Slain by a wolf spider

Illustrated notes

Levels and vault maps discovered:
D:1:      dpeg_arrival_long_road, layout_rooms,
          hellmonk_ecumenical_altar_pennies_from_heaven
D:2:      layout_loops_cross
D:3:      layout_loops_ring, uniq_robin
D:4:      layout_cave_pools, nicolae_hepliaklqana_hippocampus, serial_shops,
          shop, minmay_joined_circles
D:5:      layout_loops_cross, gup_sewer_entry_bubbles
D:6:      layout_cave_pools, nicolae_ashenzari_skybound,
          okawaru_ov_weapons_minmay, minmay_temple_entry_gardened_gates,
          ebering_ghost_sewer_d, minmay_ruffians, uniq_prince_ribbit1
D:7:      layout_cave_pools, amcnicky_altar_gilded, serial_shops, shop,
          enter_ossuary_3, enter_bailey_3, uniq_jeremiah
D:8:      layout_rooms, zin_statuary, lemuel_tele_altar,
          ebering_ghost_funeral_grove
D:9:      hellmonk_ruined_rings, layout_cave_pools, overflow_temple_1_default,
          slow_altar_2, hellmonk_ghost_big_iron
D:10:     layout_loops_ring, mainiacjoe_overflow_catwalk_spiral, orc_0_dummy
D:11:     layout_roguey, david_lair_generic, serial_shops, shop
D:12:     minmay_the_grid_square_5x5_5x5_mashed
          [minmay_the_grid_square_5x5_empty, minmay_the_grid_square_5x5_inner_v,
          minmay_the_grid_square_5x5_inner_i,
          minmay_the_grid_square_5x5_hourglass,
          minmay_the_grid_square_5x5_two_walls_a,
          minmay_the_grid_square_5x5_fat_x,
          minmay_the_grid_square_5x5_prize_rear_guard,
          minmay_the_grid_square_5x5_inset,
          minmay_the_grid_square_5x5_prize_open,
          minmay_the_grid_square_5x5_intrusive_squares,
          minmay_the_grid_square_5x5_plus, minmay_the_grid_square_5x5_moneybag,
          minmay_the_grid_square_5x5_prize_open,
          minmay_the_grid_square_5x5_inverted_slash,
          minmay_the_grid_square_5x5_minibox,
          minmay_the_grid_square_5x5_dogpile,
          minmay_the_grid_square_5x5_prize_snowflake,
          minmay_the_grid_square_5x5_three_small,
          minmay_the_grid_square_5x5_prize_pseudospiral,
          minmay_the_grid_square_5x5_half_checkered,
          minmay_the_grid_square_5x5_tetrominoes,
          minmay_the_grid_square_5x5_doubleslash,
          minmay_the_grid_square_5x5_one_wall,
          minmay_the_grid_square_5x5_shuriken, minmay_the_grid_square_5x5_meh],
          layout_basic, ebering_ghost_inner_flame, st_stairs_3,
          chequers_serial_rivers_large_b
D:13:     layout_layer_cave, grunt_ministairs_14, grunt_decor_one_mirror,
          reono_crystal_passage, amcnicky_mini_corridor_feature, uniq_lodul
D:14:     layout_roguey, david_vaults_1, amcnicky_mini_pool_small, serial_ice,
          serial_ice_g, serial_ice_c, serial_ice_e, serial_ice_j, serial_ice_f,
          serial_ice_d, portal_ice_cave_entry_ice_simulacra
D:15:     grunt_enter_depths_hoard, layout_basic, patterned_corridor,
          nicolae_danse_macabre
Lair:1:   layout_chaotic_city, uniq_maggie
Lair:2:   minmay_guarded_unrand_snakebite, layout_regular_city,
          hellmonk_spider_entry_not_the_bees, uniq_urug
Lair:3:   layout_chaotic_city, nicolae_swamp_entry_splash_gauntlet,
          kennysheep_rathole
Lair:4:   layout_misc_corridors, dpeg_slime_entry_corner, grunt_megastairs_1,
          lemuel_fruit_tree, lemuel_fruit_fields, uniq_sonja
Lair:5:   cheibrodos_lair_end_hotspot, layout_concentric_octagons,
          uniq_josephine
Spider:1: layout_chambers
Spider:2: gammafunk_sealed_arena
Orc:1:    layout_diamond_mine, serial_shops, shop, nicolae_orc_lost_temple
Orc:2:    kennysheep_orc_mage_school, layout_caves, serial_shops, shop,
          ebering_ghost_disaster_area, uniq_saint_roka

Skill      XL: |  1  2  3  4  5  6  7  8  9 10 11 12 13 14 15 |
---------------+----------------------------------------------+-----
Long Blades    | 2 3 4 5 6 8 9 10 11 13 14 | 14.0
Armour         | 4 7 10 | 10.2
Fighting       | 3 4 5 7 8 9 10 12 13 14 15 | 15.1
Shields        | 4 6 8 |  8.8
Stealth        | 3 6 8 9 |  9.2
Invocations    | 3 5 8 10 11 12 | 12.2
Evocations     | 4 7 |  7.6

Action                     |  1- 3 |  4- 6 |  7- 9 | 10-12 | 13-15 || total
---------------------------+-------+-------+-------+-------+-------++-------
  Melee: Long sword        |   129 |   167 |   323 |   613 |  1471 ||  2703
         Tailslap          |    15 |    12 |    34 |   100 |   324 ||   485
         Punch             |       |       |       |       |     3 ||     3
  Throw: Dart              |       |       |       |     5 |     1 ||     6
         Boomerang         |       |       |       |     4 |       ||     4
 Invoke: Shadow Step       |       |       |       |     2 |     8 ||    10
Ability: Evoke Blink       |       |       |       |       |     6 ||     6
  Evoke: Wand              |       |       |       |     3 |    26 ||    29
    Use: Potion            |     3 |     1 |     4 |     4 |    21 ||    33
         Scroll            |       |    15 |     7 |     8 |    21 ||    51
   Stab: Sleeping          |     1 |    11 |    35 |    50 |    28 ||   125
         Distracted        |       |       |     2 |     4 |    13 ||    19
         Invisible         |       |       |       |     3 |     1 ||     4
 Armour: Scale mail        |   131 |       |       |       |   103 ||   234
         Robe              |    16 |   118 |   250 |   499 |   573 ||  1456
         Ring mail         |       |       |       |       |   768 ||   768
  Dodge: Dodged            |    77 |    73 |   196 |   207 |   402 ||   955
  Block: Buckler           |    45 |    29 |    81 |   137 |    93 ||   385
         Kite shield       |       |       |       |       |   457 ||   457

Table legend: (Time is in decaauts)
 A = Elapsed time spent in this place.
 B = Non-inter-level travel time spent in this place.
 C = Inter-level travel time spent in this place.
 D = Time resting spent in this place.
 E = Time spent auto-exploring this place.
 F = Levels seen in this place.
 G = Mean time per level.
                   A        B        C        D        E       F      G
               +--------+--------+--------+--------+--------+-----+--------+
         Total |  37963 |  36854 |   1109 |  15958 |  11233 |  27 | 1406.0 |
       Dungeon |  20295 |  19640 |    655 |   7900 |   6477 |  15 | 1353.0 |
          Lair |  12169 |  11826 |    343 |   6249 |   2972 |   5 | 2433.8 |
   Spider Nest |   1985 |   1985 |      0 |    777 |    696 |   2 |  992.5 |
  Orcish Mines |   1626 |   1517 |    109 |    221 |    672 |   2 |  813.0 |
         Sewer |    943 |    943 |      0 |    200 |    410 |   1 |  943.0 |
       Ossuary |    356 |    356 |      0 |    212 |      0 |   1 |  356.0 |
        Bailey |    587 |    587 |      0 |    398 |      6 |   1 |  587.0 |
               +--------+--------+--------+--------+--------+-----+--------+

Top non-repeatable levels by time:
    D:12: 3654 daAuts
  Lair:3: 3460 daAuts
    D:13: 3344 daAuts
  Lair:5: 3189 daAuts
  Lair:4: 2175 daAuts
Spider:1: 1966 daAuts
  Lair:1: 1950 daAuts
    D:14: 1705 daAuts
    D:15: 1606 daAuts
  Lair:2: 1393 daAuts
    D:11: 1346 daAuts
   Orc:2: 1277 daAuts
     D:7: 1243 daAuts
    D:10: 1113 daAuts
     D:3: 1040 daAuts
